 Dungeon Crawl Stone Soup version 0.20.1-3-g7921b9d020 (webtiles) character file.

886 Alfie the Archer (level 7, -4/59 HPs)
             Began as a Minotaur Hunter on Feb 14, 2020.
             Slain by an iguana (13 damage)
             ... on level 5 of the Dungeon.
             The game lasted 00:12:01 (2859 turns).

Alfie the Archer (Minotaur Hunter)                  Turns: 2859, Time: 00:12:01

Health: -4/59      AC:  8    Str: 18    XL:     7   Next: 76%
Magic:  6/6        EV: 12    Int:  8    God:
Gold:   105        SH:  0    Dex: 11    Spells: 6/6 levels left

rFire    . . .     SeeInvis .   b - +1 short sword
rCold    . . .     Gourm    .   (no shield)
rNeg     . . .     Faith    .   c - +1 leather armour
rPois    .         Spirit   .   (helmet restricted)
rElec    .         Reflect  .   (no cloak)
rCorr    .         Harm     +   (no gloves)
MR       .....                  (no boots)
Stlth    +.........             p - amulet of harm
Regen    0.2/turn               j - +4 ring of protection
MPRegen  0.1/turn               (no ring)

@: no status effects
A: retaliatory headbutt, horns 2
a: no special abilities


You were on level 5 of the Dungeon.
You were not hungry.

You visited 1 branch of the dungeon, and saw 5 of its levels.

You collected 105 gold pieces.

Inventory:

Hand Weapons
 a - a +1 shortbow
 b - a +1 short sword (weapon)
Missiles
 d - 82 arrows
 t - 2 tomahawks (quivered)
Armour
 c - a +1 leather armour (worn)
 l - a +0 pair of gloves
Jewellery
 j - a +4 ring of protection (left hand)
 k - an uncursed ring of positive energy
 o - an uncursed ring of flight
 p - an amulet of harm (around neck)
 r - an uncursed ring of fire {unknown}
 v - an uncursed ring of protection from magic {unknown}
 w - an uncursed amulet of the gourmand {unknown}
 x - a cursed ring of loudness {unknown}
 z - an uncursed ring of protection from cold {unknown}
Wands
 m - a wand of lightning (8/15)
Scrolls
 i - 2 scrolls of teleportation
 q - a scroll of fog
Potions
 e - a potion of curing
 n - a potion of heal wounds {unknown}
 s - a potion of invisibility {unknown}
 u - a potion of magic {unknown}
Comestibles
 f - 2 bread rations
 g - 2 meat rations


   Skills:
 + Level 4.2 Fighting
 + Level 2.8 Short Blades
 + Level 8.6 Bows
 + Level 3.7 Armour
 + Level 2.8 Dodging
 + Level 1.2 Stealth


You had 6 spell levels left.
You didn't know any spells.

Dungeon Overview and Level Annotations

Branches:
Dungeon (5/15)
 Temple: D:4-7

Altars:
Gozag
Nemelex Xobeh
Uskayaw
Xom
Yredelemnul
The Shining One

Annotations:
D:3 1 runed door
D:5 1 runed door


Innate Abilities, Weirdness & Mutations

You reflexively headbutt those who attack you in melee.
You have a pair of horns on your head.


Message History

You hit the iguana but do no damage. You headbutt the iguana.
The iguana is lightly wounded.
The iguana closely misses you. You furiously retaliate!
You headbutt the iguana, but do no damage.
You hit the iguana.
The iguana is moderately wounded.
The iguana closely misses you.
You closely miss the iguana.
The iguana is moderately wounded.
The iguana closely misses you.
It was a potion of curing.
You feel better. The iguana misses you.
You hit the iguana.
You headbutt the iguana, but do no damage.
The iguana is severely wounded.
The iguana bites you!
* * * LOW HITPOINT WARNING * * *
You hit the iguana.
The iguana is almost dead.
The iguana bites you!
You die...

##............##.#
.!#.###..##.......#
_.#.+p#...#.##.####
.#.###..##.##.#
##......##.##.# ##
#.......##.##.#
.?.#8......##....#
...........#######.#
.............l@....#
..=..((.$.##########
.##########


You could see an iguana.

Vanquished Creatures
  The ghost of Alfie the Archer, a novice MiHu (D:5)
  Menkaure (D:4)
  A water moccasin zombie (D:4)
  A scorpion (D:5)
  3 hounds
  An orc wizard (D:4)
  An iguana (D:4)
  3 worker ants (D:4)
  3 gnolls (D:3)
  2 adders
  An ooze (D:2)
  An adder skeleton (D:4)
  2 worms (D:2)
  A dart slug (D:2)
  2 leopard geckos (D:1)
  8 orcs
  4 giant cockroaches
  7 hobgoblins
  2 quokkas
  A ball python (D:2)
  7 bats
  8 frilled lizards
  5 goblins
  A goblin zombie (D:5)
  7 kobolds
  A leopard gecko skeleton (D:4)
  7 rats
82 creatures vanquished.

Notes
Turn   | Place    | Note
-------+----------+-------------------------------------------
     0 | D:1      | Alfie the Minotaur Hunter began the quest for the Orb.
     0 | D:1      | Reached XP level 1. HP: 18/18 MP: 0/0
   109 | D:1      | Reached XP level 2. HP: 25/25 MP: 1/1
   226 | D:1      | Reached skill level 5 in Bows
   430 | D:1      | Found a shadowy altar of Dithmenos.
   437 | D:1      | Found a shimmering altar of Xom.
   437 | D:1      | Found a hide-covered altar of Uskayaw.
   440 | D:1      | Found an opulent altar of Gozag.
   440 | D:1      | Found a sparkling altar of Nemelex Xobeh.
   440 | D:1      | Found an opulent altar of Gozag.
   785 | D:2      | Reached XP level 3. HP: 30/30 MP: 2/2
  1110 | D:2      | Reached skill level 1 in Armour
  1601 | D:3      | Reached XP level 4. HP: 37/37 MP: 3/3
  1679 | D:3      | Found a faded altar of an unknown god.
  1731 | D:3      | Reached skill level 6 in Bows
  1749 | D:3      | Found a glowing golden altar of the Shining One.
  1749 | D:3      | Found a runed door.
  1749 | D:3      | Noticed an angel
  1813 | D:3      | Reached skill level 1 in Stealth
  2093 | D:4      | Reached XP level 5. HP: 37/44 MP: 4/4
  2167 | D:4      | Noticed Menkaure
  2170 | D:4      | Killed Menkaure
  2170 | D:4      | Reached skill level 1 in Short Blades
  2170 | D:4      | Reached skill level 7 in Bows
  2170 | D:4      | Reached XP level 6. HP: 51/51 MP: 5/5
  2776 | D:5      | Entered Level 5 of the Dungeon
  2786 | D:5      | Reached skill level 8 in Bows
  2786 | D:5      | Reached XP level 7. HP: 49/58 MP: 6/6
  2790 | D:5      | Found a runed door.
  2790 | D:5      | Noticed a human
  2821 | D:5      | Found a basalt altar of Yredelemnul.
  2822 | D:5      | Noticed Alfie's ghost (novice MiHu)
  2848 | D:5      | Killed Alfie's ghost
  2859 | D:5      | Slain by an iguana

Skill      XL: |  1  2  3  4  5  6  7 |
---------------+----------------------+-----
Bows           | 5 6 7 8 |  8.6
Armour         | 1 2 3 |  3.7
Stealth        | 1 |  1.2
Fighting       | 3 4 |  4.2
Short Blades   | 1 2 |  2.8
Dodging        | |  2.8

Action                   |  1- 3 |  4- 6 |  7- 9 || total
-------------------------+-------+-------+-------++-------
Melee: Short sword       |    12 |    31 |    26 ||    69
       Headbutt          |     1 |     5 |     7 ||    13
 Fire: Shortbow          |    89 |   110 |     2 ||   201
  Use: Scroll            |     5 |     5 |       ||    10
       Potion            |       |       |     1 ||     1
  Eat: Meat ration       |     1 |       |       ||     1
       Bread ration      |       |     1 |       ||     1
Armor: Leather armour    |    16 |    21 |     5 ||    42
Dodge: Dodged            |    22 |    41 |    11 ||    74
